3L
MONTANA PANDAS @ HOUSTON 1837 BBC
09/18/2029
 
TOP OF THE 1ST
Montana Pandas batting - Pitching for Houston 1837 BBC : RHP Gary Bailey
Pitching: RHP Gary Bailey
Batting: LHB Roberto Fierro 0-0: Ball
1-0: Called Strike
1-1: Called Strike
1-2: Foul Ball, location: 2F
1-2: Fly out, F5 (Line Drive, 5S)
Batting: SHB Raúl Duarte 0-0: Foul Ball, location: 2F
0-1: Swinging Strike
0-2: Foul Ball, location: 2F
0-2: Ball
1-2: Ball
2-2: Foul Ball, location: 2F
2-2: Foul Ball, location: 2F
2-2: Foul Ball, location: 2F
2-2: Foul Ball, location: 2F
2-2: Ground out 5-3 (Groundball, 56S)
Batting: LHB José León 0-0: Ball
1-0: Swinging Strike
1-1: Called Strike
1-2: Ball
2-2: Ball
3-2: Ground out U3 (Groundball, 3)
Top of the 1st over - 0 runs, 0 hits, 0 errors, 0 left on base; Montana 0 - Houston 0
BOTTOM OF THE 1ST
Houston 1837 BBC batting - Pitching for Montana Pandas : LHP Edison Larson
Pitching: LHP Edison Larson
Batting: RHB Rubén Marino 0-0: Called Strike
0-1: Foul Ball, location: 2F
0-2: Strikes out swinging
Batting: LHB Scott Kerin 0-0: Called Strike
0-1: Ball
1-1: Ground out 6-3 (Groundball, 6)
Batting: RHB John Downing 0-0: Ball
1-0: Ball
2-0: Ball
3-0: Foul Ball, location: 2F
3-1: Base on Balls
Batting: RHB Bob Dickerson 0-0: Ball
1-0: Ground out 4-3 (Groundball, 34)
Bottom of the 1st over - 0 runs, 0 hits, 0 errors, 1 left on base; Montana 0 - Houston 0
TOP OF THE 2ND
Montana Pandas batting - Pitching for Houston 1837 BBC : RHP Gary Bailey
Batting: LHB José Ruíz 0-0: Ball
1-0: Swinging Strike
1-1: Swinging Strike
1-2: Ball
2-2: Ball
3-2: Ground out 6-3 (Groundball, 6S)
Batting: LHB Ned Durand 0-0: Ball
1-0: Foul Ball, location: 2F
1-1: Foul Ball, location: 2F
1-2: SINGLE (Line Drive, 4D)
Batting: LHB António Ramos 0-0: Called Strike
0-1: Ball
1-1: Ball
2-1: Grounds into double play, 4-6-3 (Groundball, 4M)
Top of the 2nd over - 0 runs, 1 hit, 0 errors, 0 left on base; Montana 0 - Houston 0
BOTTOM OF THE 2ND
Houston 1837 BBC batting - Pitching for Montana Pandas : LHP Edison Larson
Batting: SHB Galtero Suárez 0-0: Ball
1-0: Foul Ball, location: 2F
1-1: Called Strike
1-2: Hit by Pitch
Batting: RHB Lytle Creek 0-0: Foul Ball, location: 2F
0-1: Ball
1-1: Ball
2-1: Ball
3-1: Foul Ball, location: 2F
3-2: DOUBLE (Line Drive, 7LM)
Galtero Suárez to third
Batting: RHB Scott Robertson 0-0: Ball
1-0: Swinging Strike
1-1: Called Strike
1-2: Ball
2-2: Strikes out swinging
Batting: RHB David Gómez 0-0: Ground out 5-3 (Groundball, 56)
Galtero Suárez scores
Batting: LHB Damian Delaney 0-0: Ball
1-0: Ball
2-0: Fly out, F6 (Line Drive, 6)
Bottom of the 2nd over - 1 run, 1 hit, 0 errors, 1 left on base; Montana 0 - Houston 1
TOP OF THE 3RD
Montana Pandas batting - Pitching for Houston 1837 BBC : RHP Gary Bailey
Batting: LHB Enrique Ortega 0-0: Called Strike
0-1: SINGLE (Line Drive, 7LS)
Batting: RHB Willis Kirkendall 0-0: Called Strike
0-1: Ball
1-1: Foul Ball, location: 2F
1-2: Grounds into double play, 4-6-3 (Groundball, 4)
Batting: RHB Pau Arria 0-0: Ball
1-0: Ball
2-0: Ball
3-0: Called Strike
3-1: Single, Error in OF, E9, batter to second base
Batting: LHB Roberto Fierro 0-0: Ball
1-0: Foul Ball, location: 2F
1-1: Swinging Strike
1-2: Ball
2-2: Ball
3-2: Strikes out looking
Top of the 3rd over - 0 runs, 2 hits, 1 error, 1 left on base; Montana 0 - Houston 1
BOTTOM OF THE 3RD
Houston 1837 BBC batting - Pitching for Montana Pandas : LHP Edison Larson
Batting: RHB Rubén Marino 0-0: Ball
1-0: Ball
2-0: Ground out 4-3 (Groundball, 4)
Batting: LHB Scott Kerin 0-0: Foul Ball, location: 2F
0-1: Ball
1-1: Fly out, F8 (Flyball, 8RS)
Batting: RHB John Downing 0-0: Ball
1-0: Ball
2-0: Called Strike
2-1: Ball
3-1: Foul Ball, location: 2F
3-2: Base on Balls
Batting: RHB Bob Dickerson 0-0: Ball
1-0: Swinging Strike
1-1: Ball
2-1: SINGLE (Groundball, 56D)
John Downing to second
Batting: SHB Galtero Suárez 0-0: Ball
1-0: Fly out, F6 (Line Drive, 6M)
Bottom of the 3rd over - 0 runs, 1 hit, 0 errors, 2 left on base; Montana 0 - Houston 1
TOP OF THE 4TH
Montana Pandas batting - Pitching for Houston 1837 BBC : RHP Gary Bailey
Batting: SHB Raúl Duarte 0-0: Ball
1-0: Foul Ball, location: 2F
1-1: Ball
2-1: Ball
3-1: Called Strike
3-2: Ground out U3 (Groundball, 34)
Batting: LHB José León 0-0: Called Strike
0-1: Swinging Strike
0-2: Foul Ball, location: 2F
0-2: Ball
1-2: Strikes out looking
Batting: LHB José Ruíz 0-0: Ball
1-0: Ball
2-0: Called Strike
2-1: Ball
3-1: Foul Ball, location: 2F
3-2: SINGLE (Line Drive, 6D)
Batting: LHB Ned Durand 0-0: Ball
1-0: Swinging Strike
1-1: Called Strike
1-2: Strikes out swinging
Top of the 4th over - 0 runs, 1 hit, 0 errors, 1 left on base; Montana 0 - Houston 1
BOTTOM OF THE 4TH
Houston 1837 BBC batting - Pitching for Montana Pandas : LHP Edison Larson
Batting: RHB Lytle Creek 0-0: Ball
1-0: Called Strike
1-1: Ground out 6-3 (Groundball, 6MD)
Batting: RHB Scott Robertson 0-0: Called Strike
0-1: Ball
1-1: Ball
2-1: Ball
3-1: Base on Balls
Batting: RHB David Gómez 0-0: Ball
1-0: Called Strike
1-1: Foul Ball, location: 2F
1-2: Reached on error, E4 (Line Drive, 4M)
Scott Robertson to second
Batting: LHB Damian Delaney 0-0: SINGLE (Groundball, 34S) (infield hit)
Scott Robertson to third
David Gómez to second
Batting: RHB Rubén Marino 0-0: Ball
1-0: Ball
2-0: Swinging Strike
2-1: Grounds into double play, 6-4-3 (Groundball, 6)
Bottom of the 4th over - 0 runs, 1 hit, 1 error, 2 left on base; Montana 0 - Houston 1
TOP OF THE 5TH
Montana Pandas batting - Pitching for Houston 1837 BBC : RHP Gary Bailey
Batting: LHB António Ramos 0-0: Foul Ball, location: 2F
0-1: Ball
1-1: Fly out, F9 (Flyball, 89M)
Batting: LHB Enrique Ortega 0-0: Called Strike
0-1: SINGLE (Line Drive, 9LS)
Batting: RHB Willis Kirkendall 0-0: Ball
1-0: Ball
2-0: Fly out, F3 (Popup, 34S)
Pitching: RHP Ricardo Suárez
Batting: RHB Pau Arria Pickoff Throw to First - Out!
Top of the 5th over - 0 runs, 1 hit, 0 errors, 0 left on base; Montana 0 - Houston 1
BOTTOM OF THE 5TH
Houston 1837 BBC batting - Pitching for Montana Pandas : LHP Edison Larson
Batting: LHB Scott Kerin 0-0: Ball
1-0: Called Strike
1-1: Called Strike
1-2: Foul Ball, location: 2F
1-2: Ball
2-2: Fly out, F7 (Line Drive, 7S)
Batting: RHB John Downing 0-0: Called Strike
0-1: Called Strike
0-2: Strikes out swinging
Batting: RHB Bob Dickerson 0-0: Fly out, F8 (Flyball, 78D)
Bottom of the 5th over - 0 runs, 0 hits, 0 errors, 0 left on base; Montana 0 - Houston 1
TOP OF THE 6TH
Montana Pandas batting - Pitching for Houston 1837 BBC : RHP Ricardo Suárez
Batting: RHB Pau Arria 0-0: Ball
1-0: Ball
2-0: Foul Ball, location: 2F
2-1: Swinging Strike
2-2: Strikes out swinging, 2-3 out at first.
Batting: LHB Roberto Fierro 0-0: Ball
1-0: Ball
2-0: Called Strike
2-1: Ball
3-1: Base on Balls
Batting: SHB Raúl Duarte 0-0: Ball
1-0: Ball
2-0: Called Strike
2-1: Ball
3-1: Base on Balls
Roberto Fierro to second
Batting: LHB José León 0-0: Called Strike
0-1: Grounds into double play, 4-6-3 (Groundball, 4)
Top of the 6th over - 0 runs, 0 hits, 0 errors, 1 left on base; Montana 0 - Houston 1
BOTTOM OF THE 6TH
Houston 1837 BBC batting - Pitching for Montana Pandas : LHP Edison Larson
Batting: SHB Galtero Suárez 0-0: Ball
1-0: Ball
2-0: Fly out, F9 (Flyball, 89M)
Batting: RHB Lytle Creek 0-0: Ball
1-0: Ball
2-0: Ball
3-0: Base on Balls
Batting: RHB Scott Robertson 0-0: Ball
1-0: Ball
2-0: Ball
3-0: Called Strike
3-1: Base on Balls
Lytle Creek to second
Batting: RHB David Gómez 0-0: Called Strike
0-1: Foul Ball, location: 2F
0-2: Ball
1-2: Ground out 5-3 (Groundball, 56S)
Lytle Creek to third
Scott Robertson to second
Batting: LHB Damian Delaney 0-0: Swinging Strike
0-1: Foul Ball, location: 2F
0-2: Ball
1-2: Ball
2-2: Foul Ball, location: 2F
2-2: Ball
3-2: Ground out 6-3 (Groundball, 56)
Bottom of the 6th over - 0 runs, 0 hits, 0 errors, 2 left on base; Montana 0 - Houston 1
TOP OF THE 7TH
Montana Pandas batting - Pitching for Houston 1837 BBC : RHP Ricardo Suárez
Batting: LHB José Ruíz 0-0: Ball
1-0: SINGLE (Groundball, 56) (infield hit)
Batting: LHB Ned Durand 0-0: Ball
1-0: Ball
2-0: Swinging Strike
2-1: Fly out, F9 (Flyball, 9D)
Batting: LHB António Ramos 0-0: Ball
1-0: Ball
2-0: Ball
3-0: Base on Balls
José Ruíz to second
Batting: LHB Enrique Ortega 0-0: Ball
1-0: Ball
2-0: Swinging Strike
2-1: Ball
3-1: DOUBLE (Line Drive, 9LM)
José Ruíz scores
António Ramos to third
Pinch Hitting: LHB Chris McKinney 0-0: Intentional Walk
Batting: RHB Pau Arria 0-0: Swinging Strike
0-1: Fly out, F7 (Flyball, 78M)
Batting: LHB Roberto Fierro 0-0: Ball
1-0: SINGLE (Line Drive, 6MD)
António Ramos scores
Enrique Ortega to third
Chris McKinney to second
Pitching: RHP Emil Olsson
Batting: SHB Raúl Duarte 0-0: Called Strike
0-1: Ball
1-1: SINGLE (Line Drive, 7LS)
Enrique Ortega scores
Chris McKinney to third
Roberto Fierro to second
Batting: LHB José León 0-0: Called Strike
0-1: Ball
1-1: Ball
2-1: Called Strike
2-2: Fly out, F1 (Line Drive, 15)
Top of the 7th over - 3 runs, 4 hits, 0 errors, 3 left on base; Montana 3 - Houston 1
BOTTOM OF THE 7TH
Houston 1837 BBC batting - Pitching for Montana Pandas : LHP Edison Larson
Pitching: RHP Raúl Luna
Now at 3B: Chris Costa
Batting: RHB Rubén Marino 0-0: Ground out 5-3 (Groundball, 56S)
Batting: LHB Scott Kerin 0-0: Ball
1-0: Called Strike
1-1: Swinging Strike
1-2: Strikes out swinging
Batting: RHB John Downing 0-0: Ball
1-0: Called Strike
1-1: Ball
2-1: Foul Ball, location: 2F
2-2: Foul Ball, location: 2F
2-2: Foul Ball, location: 2F
2-2: Strikes out swinging
Bottom of the 7th over - 0 runs, 0 hits, 0 errors, 0 left on base; Montana 3 - Houston 1
TOP OF THE 8TH
Montana Pandas batting - Pitching for Houston 1837 BBC : RHP Emil Olsson
Batting: LHB José Ruíz 0-0: Foul Ball, location: 2F
0-1: Called Strike
0-2: Ball
1-2: Foul Ball, location: 2F
1-2: Ball
2-2: Foul Ball, location: 2F
2-2: Foul Ball, location: 2F
2-2: Foul Ball, location: 2F
2-2: Strikes out looking
Batting: LHB Ned Durand 0-0: Called Strike
0-1: Ground out 6-3 (Groundball, 6)
Batting: LHB António Ramos 0-0: Ball
1-0: Called Strike
1-1: SINGLE (Line Drive, 89S)
Batting: LHB Enrique Ortega 0-0: Called Strike
0-1: Ball
1-1: Ball
2-1: Fly out, F8 (Line Drive, 8RM)
Top of the 8th over - 0 runs, 1 hit, 0 errors, 1 left on base; Montana 3 - Houston 1
BOTTOM OF THE 8TH
Houston 1837 BBC batting - Pitching for Montana Pandas : RHP Raúl Luna
Batting: RHB Bob Dickerson 0-0: Called Strike
0-1: Called Strike
0-2: Ball
1-2: Ball
2-2: Ball
3-2: Foul Ball, location: 2F
3-2: SINGLE (Groundball, 56D)
Batting: SHB Galtero Suárez 0-0: Ball
1-0: Called Strike
1-1: Ball
2-1: Ball
3-1: Base on Balls
Bob Dickerson to second
Batting: RHB Lytle Creek 0-0: Called Strike
0-1: Ground out 5-3 (Groundball, 56S)
Bob Dickerson to third
Galtero Suárez to second
Pitching: LHP Morlack Spurgeon
Batting: RHB Scott Robertson 0-0: Called Strike
0-1: Swinging Strike
0-2: Fly out, F9 (Flyball, 9LS)
Runner from 3rd tags up, SCORES, no throw
Pitching: RHP Ash Wooden
Batting: RHB David Gómez 0-0: Swinging Strike
0-1: SINGLE (Groundball, 56S) (infield hit)
Galtero Suárez to third
Pinch Runner at 1st Kumanosuke Abe:
Batting: LHB Damian Delaney 0-0: Ball
1-0: Ball
2-0: Ball
3-0: Base on Balls
Kumanosuke Abe to second
Batting: RHB Rubén Marino 0-0: Ball
1-0: Foul Ball, location: 2F
1-1: Fly out, F7 (Flyball, 78D)
Bottom of the 8th over - 1 run, 2 hits, 0 errors, 3 left on base; Montana 3 - Houston 2
TOP OF THE 9TH
Montana Pandas batting - Pitching for Houston 1837 BBC : RHP Emil Olsson
Pitching: RHP Francisco García
Now at SS: Kumanosuke Abe
Batting: RHB Chris Costa 0-0: Ball
1-0: Ball
2-0: SINGLE (Groundball, 34D)
Batting: RHB Pau Arria 0-0: Ground out 5-3 (Groundball, 56S)
Chris Costa to second
Batting: LHB Roberto Fierro 0-0: Intentional Walk
Batting: SHB Raúl Duarte 0-0: Fly out, F9 (Flyball, 89D)
Runner from 2nd tags up, SAFE at 3rd, no throw
Batting: LHB José León 0-0: Called Strike
0-1: Foul Ball, location: 2F
0-2: Foul Ball, location: 2F
0-2: Fielders Choice at 2nd, 6-4 (Groundball, 6)
Top of the 9th over - 0 runs, 1 hit, 0 errors, 2 left on base; Montana 3 - Houston 2
BOTTOM OF THE 9TH
Houston 1837 BBC batting - Pitching for Montana Pandas : RHP Ash Wooden
Batting: LHB Scott Kerin 0-0: Called Strike
0-1: Ball
1-1: Ball
2-1: Ball
3-1: Foul Ball, location: 2F
3-2: Fly out, F2 (Popup, 25F)
Batting: RHB John Downing 0-0: Called Strike
0-1: Ball
1-1: Fly out, F9 (Flyball, 9LS)
Batting: RHB Bob Dickerson 0-0: Ball
1-0: Ball
2-0: Ball
3-0: Called Strike
3-1: Base on Balls
Batting: SHB Galtero Suárez 0-0: Called Strike
0-1: SINGLE (Flyball, 8LS)
Bob Dickerson to second
Runner from 2nd tries for 3rd, SAFE, no throw
Pitching: RHP Noburo Oishi
Batting: RHB Lytle Creek 0-0: Called Strike
0-1: Ball
1-1: Called Strike
1-2: Foul Ball, location: 2F
1-2: Ball
2-2: Strikes out swinging
Bottom of the 9th over - 0 runs, 1 hit, 0 errors, 2 left on base; Montana 3 - Houston 2
Tuesday, December 19th, 2017 - OOTP Baseball 18.8 Build 76